 Dungeon Crawl Stone Soup version 0.19-a0-1735-g048f9dc (webtiles) character file.

79 JeffiDaFish the Sneak (level 4, -4/21 HPs)
             Began as a Spriggan Enchanter on Oct 1, 2016.
             Slain by Terence
             ... wielding a +0 hand axe
              (5 damage)
             ... on level 2 of the Dungeon.
             The game lasted 00:06:29 (2028 turns).

JeffiDaFish the Sneak (Spriggan Enchanter)          Turns: 2028, Time: 00:06:29

Health: -4/21      AC:  3    Str:  5    XL:     4   Next: 17%
Magic:  0/9        EV: 19    Int: 16    God:
Gold:   62         SH:  0    Dex: 16    Spells: 3 memorised, 3 levels left

rFire  . . .     SeeInvis +     a - +2 dagger
rCold  . . .     Gourm    .     b - +1 robe
rNeg   . . .     Faith    .     (shield restricted)
rPois  .         Spirit   .     (helmet restricted)
rElec  .         Dismiss  .     (no cloak)
rCorr  .         Reflect  .     (gloves unavailable)
MR     .....     Harm     .     (boots unavailable)
Stlth  +++.......               (no amulet)
                                (no ring)
                                (no ring)

@: very quick
A: unfitting armour, see invisible, herbivore 3, speed 3, slow metabolism 2
a: no special abilities


You were on level 2 of the Dungeon.
You were not hungry.

You visited 1 branch of the dungeon, and saw 2 of its levels.

You collected 62 gold pieces.

Inventory:

Hand Weapons
 a - a +2 dagger (weapon)
Armour
 b - a +1 robe (worn)
Potions
 e - a potion of heal wounds {unknown}
Books
 c - a book of Maledictions

   Spells                             Type                      Level
   a - Corona                         Hexes                        1
   b - Ensorcelled Hibernation        Hexes/Ice                    2
   c - Confuse                        Hexes                        3
   d - Tukima's Dance                 Hexes                        3
   e - Dazzling Spray                 Conjuration/Hexes            3
Comestibles
 d - a bread ration
 f - 3 fruits


   Skills:
 + Level 0.2 Fighting
 + Level 2.1 Short Blades
 + Level 3.5 Dodging
 + Level 5.6 Stealth
 + Level 3.0 Spellcasting
 + Level 4.3 Hexes


You had 3 spell levels left.
You knew the following spells:

 Your Spells              Type           Power        Failure   Level  Hunger
a - Corona                Hex            ###....      3%          1    #......
b - Ensorcelled Hibernat  Hex/Ice        #.....       14%         2    ##.....
c - Confuse               Hex            ###.....     12%         3    ###....


Dungeon Overview and Level Annotations

Branches:
Dungeon (2/15)

Altars:

Annotations:
D:2 Terence


Innate Abilities, Weirdness & Mutations

You are very small and have problems with some larger weapons.
You are too small for most types of armour.
You have supernaturally acute eyesight. (SInv)
You are a herbivore.
You cover ground extremely quickly.
You need consume almost no food.


Message History

Aim: Terence, wielding a hand axe and wearing a chain mail (lightly wounded, fast, not susceptible) Terence is unaffected.
Terence asks, "Do you want it fast or slow?"
You open the door. Terence closely misses you.
There is an open door here.
Terence hits you with a hand axe.
* * * LOW HITPOINT WARNING * * *
Terence hits you with a hand axe.
* * * LOW HITPOINT WARNING * * *
The kobold barely misses you.
Casting: Ensorcelled Hibernation
Confirm with . or Enter, or press ? or * to list all spells.
Aiming: Ensorcelled Hibernation
Press: ? - help, Shift-Dir - straight line, f - kobold, p - Terence
Aim: a kobold (chance to defeat MR: 58%)
The kobold resists with significant effort.
You closely miss the kobold. The kobold hits you but does no damage.
The kobold closely misses you.
You barely miss the kobold. Terence hits you with a hand axe.
You die...

#....# #+..'##
#.....# ........>
##....## #.......#
####..# #.......# ##
##.# ##......##..
#.## #.......$..#
#@K## #.........s.
##@.# #.........##
##K#####..........
#####.##.........#>..
#..........KK.K..##..
#.............##.....
#............#####...
#..........### ##...
######.......####....
#..........#<.##


You could see Terence and 2 kobolds.

Vanquished Creatures
  Jessica (D:2)
  An adder (D:2)
  A worm (D:2)
  2 dart slugs (D:1)
  2 leopard geckos
  An orc (D:2)
  3 giant cockroaches
  8 goblins (D:1)
  A hobgoblin (D:1)
  4 bats
  3 frilled lizards
  5 kobolds (D:1)
  5 rats (D:1)
37 creatures vanquished.

Notes
Turn   | Place    | Note
-------+----------+-------------------------------------------
     0 | D:1      | JeffiDaFish the Spriggan Enchanter began the quest for the Orb.
     0 | D:1      | Reached XP level 1. HP: 9/9 MP: 5/5
   404 | D:1      | Reached XP level 2. HP: 10/13 MP: 6/6
   806 | D:1      | Reached skill level 5 in Stealth
  1494 | D:1      | Reached XP level 3. HP: 16/16 MP: 8/8
  1498 | D:1      | Learned a level 2 spell: Ensorcelled Hibernation
  1502 | D:1      | Learned a level 3 spell: Confuse
  1660 | D:2      | Noticed Jessica
  1709 | D:2      | Killed Jessica
  1709 | D:2      | Reached XP level 4. HP: 21/21 MP: 3/9
  1974 | D:2      | Noticed Terence
  2018 | D:2      | HP: 1/21 [Terence/hand axe (3)]
  2028 | D:2      | Slain by Terence

Vault maps used:
D:1:      dpeg_arrival_subterranean_lakeside_camping
D:2:      uniq_terence, uniq_jessica, uniq_crazy_yiuf_cottage

Skill      XL: |  1  2  3  4 |
---------------+-------------+-----
Hexes          | 4 |  4.3
Stealth        | 5 |  5.6
Short Blades   | 2 |  2.1
Spellcasting   | 3 |  3.0
Fighting       | |  0.2
Dodging        | |  3.5

Action                   |  1- 3 |  4- 6 || total
-------------------------+-------+-------++-------
Melee: Dagger            |   147 |    35 ||   182
 Cast: Ensorcelled Hiber |     3 |    11 ||    14
       Confuse           |     1 |       ||     1
  Use: Potion            |     1 |       ||     1
       Scroll            |     3 |       ||     3
 Stab: Sleeping          |     6 |     1 ||     7
       Distracted        |     1 |       ||     1
       Confused          |     1 |       ||     1
Armor: Robe              |    20 |     2 ||    22
Dodge: Dodged            |   111 |    36 ||   147
